 Dungeon Sprint DCSS version 0.21-a0-91-ga5031da (webtiles) character file.

0 Angani the Skirmisher (level 4, -3/42 HPs)
             Began as a Draconian Fighter on June 29, 2017.
             Was an Initiate of Okawaru.
             Slain by Grinder (4 damage)
             ... in the Dungeon (Sprint VI: "Thunderdome").
             The game lasted 00:00:46 (104 turns).

Angani the Skirmisher (Draconian Fighter)            Turns: 104, Time: 00:00:47

Health: -3/42      AC:  5    Str: 24    XL:     4   Next: 20%
Magic:  4/4        EV: 11    Int:  9    God:    Okawaru [......]
Gold:   200        SH: 10    Dex: 10    Spells: 3/3 levels left

rFire    . . .     SeeInvis .   a - +0 long sword
rCold    . . .     Gourm    .   b - +0 shield
rNeg     . . .     Faith    .   (armour unavailable)
rPois    .         Spirit   .   (helmet restricted)
rElec    .         Reflect  .   (no cloak)
rCorr    .         Harm     .   (no gloves)
MR       .....     NoTele   +   (no boots)
Stlth    +.........             (no amulet)
HPRegen  0.14/turn              (no ring)
MPRegen  0.09/turn              (no ring)

@: mighty
A: unfitting armour, cold-blooded, AC +5
a: Renounce Religion


You were in the Dungeon.
You worshipped Okawaru.
Okawaru was noncommittal.
You were not hungry.

You visited 1 branch You collected 200 gold pieces.

Inventory:

Hand Weapons
 a - a +0 long sword (weapon)
Armour
 b - a +0 shield (worn)
Wands
 l - a wand of acid (5/15)
 m - a wand of iceblast (5/15)
Scrolls
 j - 4 scrolls of blinking
 n - 3 scrolls of fog
Potions
 e - a potion of curing
 f - 3 potions of heal wounds
 g - 4 potions of haste
 h - 2 potions of magic
 k - a potion of resistance
Comestibles
 d - a bread ration


   Skills:
 + Level 5.6 Fighting
 + Level 4.4 Long Blades
 + Level 4.5 Dodging
 + Level 5.1 Shields


You had 3 spell levels left.
You didn't know any spells.

Dungeon Overview and Level Annotations

Branches:
Dungeon (1/1)

Altars:
Cheibriados
Dithmenos
Fedhas
Gozag
Kikubaaqudgha
Makhleb
Okawaru
Qazlal
Ru
Sif Muna
Trog
Uskayaw
Vehumet
Wu Jian
Xom
Yredelemnul
Zin
The Shining One
Beogh
Jiyva
Lugonu

Shops:
D *[%??*?:((!!!!

Annotations:
D Grinder


Innate Abilities, Weirdness & Mutations

Your plain brown scales are hard. (AC +5)
You cannot fit into any form of body armour.
You are cold-blooded and may be slowed by cold attacks.


Message History

Okawaru accepts your kill.
Your Long Blades skill increases to level 4!
Your Shields skill increases to level 5!
You have reached level 4!
You feel clever.
Grinder is nearby!
Grinder gestures at you. You resist with significant effort.
You barely miss Grinder. You block Grinder's attack.
You closely miss Grinder. You tail-slap Grinder!
Grinder is lightly wounded.
Grinder hits you!
You writhe in agony.
You barely miss Grinder.
Your tail-slap misses Grinder.
Grinder is lightly wounded.
Grinder hits you!
* * * LOW HITPOINT WARNING * * *
You writhe in agony.
* * * LOW HITPOINT WARNING * * *
Grinder hits you.
You die...

#∩.......∩# #_......._#
#_......._# #_........#
###.........###
#⌠...........⌠#
######.8.........8.######
##∩_._....5.###......_._∩#
##∩.......@8.# #.8........∩
.............###...........
..........###...###........
..........# #.<.# #........
..........###...# #........
.............###...........
##∩........8.# #.8........∩
##∩___......# #......___∩#
######.8.........8.######


You could see Grinder.

Vanquished Creatures
  A crimson imp (D)
  A quasit (D)
  2 shadow imps (D)
4 creatures vanquished.

Notes
Turn   | Place    | Note
-------+----------+-------------------------------------------
     0 | D        | Angani the Draconian Fighter began the quest for the Orb.
     0 | D        | Reached XP level 1. HP: 19/19 MP: 1/1
     3 | D        | Found a bloodstained altar of Trog.
     3 | D        | Found a hide-covered altar of Uskayaw.
     4 | D        | Found a shadowy altar of Dithmenos.
     4 | D        | Found a stormy altar of Qazlal.
     5 | D        | Found a burning altar of Makhleb.
     5 | D        | Found a radiant altar of Vehumet.
     5 | D        | Round 1.
     6 | D        | Found a roughly hewn altar of Beogh.
     6 | D        | Found a snail-covered altar of Cheibriados.
     6 | D        | Found a basalt altar of Yredelemnul.
     6 | D        | Found Soehyco's Premium Goods.
     6 | D        | Found Atoadwops's Weapon Rack.
    11 | D        | Found an ornate altar of the Wu Jian Council.
    11 | D        | Found a shimmering altar of Xom.
    12 | D        | Found an iron altar of Okawaru.
    13 | D        | Found an opulent altar of Gozag.
    13 | D        | Found a glowing golden altar of the Shining One.
    14 | D        | Found an ancient bone altar of Kikubaaqudgha.
    14 | D        | Found a blossoming altar of Fedhas.
    14 | D        | Found Rusaeck's Magic Scroll Shop.
    14 | D        | Found Ysohad's Staff Store.
    15 | D        | Found Jur Secs's Magic Scroll Shop.
    15 | D        | Found Diceitroto's Must-Have Magic.
    20 | D        | Became a worshipper of Warmaster Okawaru
    27 | D        | Found a corrupted altar of Lugonu.
    29 | D        | Found a deep blue altar of Sif Muna.
    30 | D        | Found Ceacoeso's Distillery.
    31 | D        | Found Munom's Distillery.
    31 | D        | Found Ganaj's Bottled Wisdom.
    31 | D        | Found a sacrificial altar of Ru.
    31 | D        | Found a glowing silver altar of Zin.
    31 | D        | Found a viscous altar of Jiyva.
    31 | D        | Found Rofuicse's Do-It-Yourself Clinic.
    33 | D        | Noticed a quasit
    44 | D        | Killed a quasit
    44 | D        | Reached XP level 2. HP: 18/28 MP: 2/2
    44 | D        | Reached XP level 3. HP: 23/35 MP: 3/3
    78 | D        | Noticed Grinder
    83 | D        | Found Zicwidej's Identification Station.
    83 | D        | Found Juefaph's Bee Food.
    84 | D        | Found Gedifan's Advanced Armour.
    84 | D        | Found Duneclixt's Jewellery.
    94 | D        | Reached skill level 5 in Fighting
    96 | D        | Reached skill level 5 in Shields
    96 | D        | Reached XP level 4. HP: 28/42 MP: 4/4
   104 | D        | HP: 1/42 [Grinder (5)]
   104 | D        | Slain by Grinder

Vault maps used:
D:        arena_sprint

Skill      XL: |  1  2  3 |
---------------+----------+-----
Dodging        | 4 |  4.5
Fighting       | 4 5 |  5.6
Long Blades    | 3 4 |  4.4
Shields        | 4 5 |  5.1

Action                   |  1- 3 |  4- 6 || total
-------------------------+-------+-------++-------
Melee: Long sword        |    24 |     3 ||    27
       Tailslap          |     3 |     1 ||     4
  Use: Potion            |     3 |       ||     3
Armor: Skin              |    13 |       ||    13
Dodge: Dodged            |    16 |       ||    16
Block: Shield            |    18 |     1 ||    19
       Rpst.: Long sword |     5 |       ||     5
